 Dungeon Crawl Stone Soup version 0.17-a0-957-ga3519be (webtiles) character file.

88 oplop the Gusty (level 4, 0/36 HPs)
             Began as a Tengu Air Elementalist on May 7, 2015.
             Succumbed to an adder's poison
             ... on level 3 of the Dungeon.
             The game lasted 00:04:36 (1659 turns).

oplop the Gusty (Tengu Air Elementalist)            Turns: 1659, Time: 00:04:36

Health: 0/36       AC: 22    Str:  9    XL:     4   Next: 54%
Magic:  5/9        EV:  2    Int: 21    God:
Gold:   54         SH:  0    Dex: 14    Spells: 1 memorised, 7 levels left

rFire  . . .     SeeInvis .     f - +2 dagger (speed)
rCold  . . .     Clarity  .     (armour currently unavailable)
rNeg   + + +     SustAb   .     (no shield)
rPois  +         Gourm    .     (helmet currently unavailable)
rElec  .         Spirit   .     (cloak currently unavailable)
rCorr  .         Warding  .     (gloves currently unavailable)
rMut   .         NoTele   +     (boots unavailable)
MR     .....                    (no amulet)
Stlth  ++........               (no ring)
                                (no ring)

@: brilliant, lethally poisoned (0 -> -3), tree-form, very slightly
contaminated, not resistant to hostile enchantments, unstealthy
A: (beak), (talons 0)
a: no special abilities


You were on level 3 of the Dungeon.
You were not hungry.
You were a tree.
You visited 1 branch of the dungeon, and saw 3 of its levels.

You collected 54 gold pieces.

Inventory:

Hand weapons
 f - a +2 dagger of speed (weapon)
 i - a +0 spear
Armour
 a - a +0 robe (melded)
Scrolls
 d - 3 scrolls of identify {unknown}
 e - 4 scrolls of remove curse {unknown}
 g - a scroll of noise {unknown}
 h - a scroll of enchant weapon {unknown}
 n - a scroll of blinking {unknown}
Potions
 m - a potion of lignification
Books
 b - a book of Air

   Spells                             Type                      Level
   a - Shock                          Conjuration/Air              1
   b - Swiftness                      Charms/Air                   2
   c - Repel Missiles                 Charms/Air                   2
   d - Flight                         Charms/Air                   3
   e - Static Discharge               Conjuration/Air              3
   f - Lightning Bolt                 Conjuration/Air              5
Comestibles
 c - 3 bread rations
 l - 2 chunks of flesh


   Skills:
 - Level 2.1 Dodging
 - Level 2.0 Stealth
 + Level 2.8 Spellcasting
 + Level 3.1 Conjurations
 + Level 5.3 Air Magic


You had 7 spell levels left.
You knew the following spells:

 Your Spells              Type           Power        Failure   Level  Hunger
a - Shock                 Conj/Air       ####         1%          1    None


Dungeon Overview and Level Annotations

Branches:
Dungeon (3/15)

Altars:


Innate Abilities, Weirdness & Mutations

((You have a beak for a mouth.))
((You have claws for feet.))


Message History

The adder is heavily wounded.
The adder bites you.
* * * LOW HITPOINT WARNING * * *
You are lethally poisoned!
The adder poisons you! The adder closely misses you.
Drink which item? (? for menu, Esc to quit)
It was a potion of brilliance.
You feel clever all of a sudden.
* * * LOW HITPOINT WARNING * * *
You feel sick. The adder barely misses you.
Drink which item? (? for menu, Esc to quit)
It was a potion of lignification.
You turn into a tree.
Your +0 robe melds into your body.
Your roots penetrate the ground.
The adder bites you but does no damage.
Drink which item? (? for menu, Esc to quit)
It was a potion of poison.
You feel slightly nauseous.
The adder bites you but does no damage. x2
You barely miss the adder.
The adder is heavily wounded.
You die...

#.†....#
######......# ...
.....#......# ...
.....##.##### ....
.....##.### ...
.....#....#########..
.....#..#.#........#
........#.#......S.#
.<.....##.#.....♣..#
........#.#........#
#######.#.#........#
###.#.#........#
#.....#........#
#.#......).....#
#.#.......######
#.........#
###.......#


You could see an adder.

Vanquished Creatures
  3 adders (D:2)
  2 oozes (D:1)
  2 worms
  2 giant geckos
  An orc (D:3)
  2 giant cockroaches
  6 goblins
  7 hobgoblins
  2 ball pythons (D:2)
  2 bats (D:2)
  4 giant newts
  5 kobolds
  9 rats
47 creatures vanquished.

Notes
Turn   | Place    | Note
--------------------------------------------------------------
     0 | D:1      | oplop, the Tengu Air Elementalist, began the quest for the Orb.
     0 | D:1      | Reached XP level 1. HP: 10/10 MP: 4/4
   191 | D:1      | Reached XP level 2. HP: 15/15 MP: 1/6
   457 | D:1      | Reached XP level 3. HP: 16/19 MP: 7/7
  1124 | D:2      | Reached XP level 4. HP: 16/24 MP: 7/9
  1324 | D:2      | Reached skill level 5 in Air Magic
  1656 | D:3      | HP: 1/24 [poisoned by an adder]
  1659 | D:3      | Succumbed to an adder's poison

Action                   |  1- 3 |  4- 6 || total
-------------------------+-------+-------++-------
Melee: Unarmed           |    19 |       ||    19
       Spear             |    39 |     8 ||    47
       Dagger            |       |    26 ||    26
 Cast: Shock             |    47 |    16 ||    63
  Use: Potion            |     1 |     3 ||     4
 Stab: Sleeping          |     3 |       ||     3
  Eat: Chunk             |     1 |     2 ||     3
